AoeStats
← Peaceful Dota Player

African Clearing

510612967Analyzed
2v2 RM · 11h ago on Oct 1, 2026· 46m 53s· 4 players
Game mode
Random Map
Map size
Medium (4 player)
Population
200
Speed
Normal
Resources
Standard
Victory
Conquest
Starting age
Dark Age
Ending age
Imperial Age
RankedLock teamsTeams togetherTeam positionsShared explorationLock speedFull tech treeHidden civsTurbo modeCheats
Victory
Defeat
🇮🇳 Slavs · India
655
+35
🇵🇱 Bulgarians · Poland
652
+18
🇫🇷 Britons · France
721
-19
🇫🇷 Burgundians · France
680
-17
Peaceful Dota Player
7:47 Loom
10:22 Loom
12:57 Feudal Age
13:33 Double-Bit Axe
14:32 Horse Collar
23:10 Castle Age
23:21 Bloodlines
25:06 Bow Saw
28:52 Wheelbarrow
28:02 Town Watch
29:22 Light Cavalry
30:03 Husbandry
31:18 Murder Holes
31:21 Pikeman
36:31 Imperial Age
34:58 Ballistics
35:57 Gold Mining
36:02 Stone Mining
36:16 Heavy Plow
38:13 Conscription
37:36 Capped Ram
38:40 Hand Cart
38:28 Town Patrol
39:08 Gold Shaft Mining
41:02 Squires
40:43 Hussar
42:46 Chemistry
41:41 Fletching
43:00 Bodkin Arrow
45:11 Forging
Mlodov
3:57 Loom
15:21 Feudal Age
17:33 Wheelbarrow
18:07 Town Watch
22:55 Arson
28:35 Forging
28:26 Scale Mail Armor
32:09 Castle Age
33:28 Iron Casting
33:09 Chain Mail Armor
33:04 Gambesons
34:04 Squires
39:11 Horse Collar
40:39 Heavy Plow
43:57 Fletching
kalou.gautier
15:49 Feudal Age
19:51 Castle Age
34:35 Husbandry
40:45 Imperial Age
38:53 Wheelbarrow
39:41 Horse Collar
39:49 Double-Bit Axe
42:39 Chemistry
41:06 Cavalier
43:19 Scale Barding Armor
43:58 Paladin
Xav314
3:31 Loom
18:10 Feudal Age
26:21 Castle Age
25:17 Fletching
27:29 Bodkin Arrow
27:45 Forging
27:33 Pikeman
28:15 Squires
32:35 Padded Archer Armor
32:36 Scale Mail Armor
32:18 Crossbowman
37:00 Double-Bit Axe
37:41 Leather Archer Armor
43:06 Imperial Age
41:12 Wheelbarrow
44:05 Bracer
Connection lost

Rejoining the realm…

Still unreachable

The connection could not be restored.

Session expired

The server has moved on; the page needs a fresh start.